 Dungeon Crawl Stone Soup version 0.30.1-11-g7821555f0a (webtiles) character file.

Game seed: 13478552544002801670

1 Harumpf the Caller (level 1, -2/13 HPs)
             Began as a Merfolk Summoner on Nov 24, 2023.
             Slain by a hobgoblin (3 damage)
             ... on level 1 of the Dungeon.
             The game lasted 00:05:48 (107 turns).

Harumpf the Caller (Merfolk Summoner)                Turns: 107, Time: 00:05:48

Health: -2/13      AC:  2    Str:  8    XL:     1   Next: 20%
Magic:  2/3        EV: 12    Int: 14    God:
Gold:   0          SH:  0    Dex: 14    Spells: 3/4 levels left

rFire   . . .        (no weapon)
rCold   . . .        (no shield)
rNeg    . . .        a - +0 robe
rPois   .            (no helmet)
rElec   .            (no cloak)
rCorr   .            (no gloves)
SInv    .            (no boots)
Will    .....        (no amulet)
Stlth   ++           (no ring)
HPRegen 0.22/turn    (no ring)
MPRegen 0.08/turn

%: no passive effects
@: no status effects
A: (nimble swimmer 2), mertail
a: no special abilities


You were on level 1 of the Dungeon.
You visited 1 branch of the dungeon, and saw 1 of its levels.

Inventory:

Armour
 a - a +0 robe (worn)
Potions
 b - a potion of magic


   Skills:
 + Level 2.6 Dodging
 + Level 2.1 Stealth
 + Level 2.1 Spellcasting
 + Level 4.0 Summonings


You had 3 spell levels left.
You knew the following spells:

 Your Spells              Type           Power      Damage    Failure   Level
a - Summon Small Mammal   Summ           48%        N/A       4%          1

Your spell library contained the following spells:

 Spells                   Type           Power      Damage    Failure   Level
 Call Imp                 Summ           24%        N/A       7%          2
 Call Canine Familiar     Summ           12%        N/A       14%         3
 Summon Guardian Golem    Hex/Summ       7%         N/A       30%         3
 Summon Lightning Spire   Summ/Air       7%         N/A       71%         4


Dungeon Overview and Level Annotations

Branches:
Dungeon (1/15)

Altars:


Innate Abilities, Weirdness & Mutations

((You are very nimble when in or above water. (Stealth+, EV+, Speed+++)))
Your lower body shifts to a powerful aquatic tail in water.


Message History

The goblin is severely wounded.
The goblin hits you with a +0 dagger.
You completely miss the goblin.
The goblin is severely wounded.
The goblin hits you with a +0 dagger.
You closely miss the goblin.
The goblin is severely wounded.
The goblin hits you with a +0 dagger.
You swap places.
Your rat closely misses the goblin.
The goblin hits your rat with a +0 dagger.
Your rat barely misses the goblin.
The goblin hits your rat with a +0 dagger.
Your rat dies!
Your rat's corpse disappears in a puff of smoke!
There is a huge open gate here.
The orc shouts!
There is an open gate here.
The goblin barely misses you.
You closely miss the goblin.
The goblin is severely wounded.
You closely miss the goblin.
The goblin is severely wounded.
The goblin hits you with a +0 dagger. The hobgoblin closely misses you.
You closely miss the goblin.
The goblin is severely wounded.
The goblin hits you but does no damage. The hobgoblin hits you.
You closely miss the goblin.
The goblin is severely wounded.
The goblin hits you with a +0 dagger. The hobgoblin hits you.
* * * LOW HITPOINT WARNING * * *
You hit the goblin.
You kill the goblin!
The hobgoblin misses you.
Casting: Summon Small Mammal (safe; 4% risk of failure)
Confirm with . or Enter, or press ? or * to list all spells.
The hobgoblin hits you.
* * * LOW HITPOINT WARNING * * *
You hit the hobgoblin but do no damage.
Your rat barely misses the hobgoblin.
The hobgoblin hits you.
You die...

###################
###.................#
#.g.###g............#
#.####...##'''''##...
#.##...###.......###
#g##..##...........#
#.#... #...........#
#.#..#######g''#######
#....#o#...@r......#o#
#....###..8.###.8..###
.... #§.............≈#
.##. #≈...§.........≈#
. ..#≈≈..§.§§§....§≈#
#§≈≈≈.§§..§.≈≈≈≈#
#≈≈≈§§§§§§§§≈≈≈≈#
#§≈≈§§≈≈§≈§§≈≈≈≈#
################


You could see an orc, a hobgoblin (ally target) and a friendly rat (summoned).

Vanquished Creatures
  A goblin (D:1)
1 creature vanquished.

Notes
Turn   | Place    | Note
-------+----------+-------------------------------------------
     0 | D:1      | Harumpf the Merfolk Summoner began the quest for the Orb.
     0 | D:1      | Reached XP level 1. HP: 13/13 MP: 3/3
   107 | D:1      | Slain by a hobgoblin

Illustrated notes

Levels and vault maps discovered:
D:1:      lordsloth_arrival_two_stooges, layout_rooms, grunt_decor_fettered

Action                     || total
---------------------------++-------
  Melee: Unarmed           ||    18
   Cast: Summon Small Mamm ||     3
 Armour: Robe              ||     4
  Dodge: Dodged            ||     6
